 Dungeon Crawl Stone Soup version 0.23.2-33-g5129a83184 (webtiles) character file.

Game seed: 3986867797490622252

168 ANON1729 the Skirmisher (level 5, -1/42 HPs)
             Began as a Demonspawn Monk on Aug 11, 2019.
             Slain by an iguana (10 damage)
             ... on level 4 of the Dungeon.
             The game lasted 00:06:20 (4343 turns).

ANON1729 the Skirmisher (Demonspawn Monk)           Turns: 4343, Time: 00:06:21

Health: -1/42      AC:  4    Str: 12    XL:     5   Next: 23%
Magic:  5/5        EV: 14    Int: 12    God:
Gold:   191        SH:  0    Dex: 15    Spells: 4/4 levels left

rFire    . . .     SeeInvis .   a - +0 spear
rCold    . . .     Gourm    .   (no shield)
rNeg     . . .     Faith    .   b - +0 robe
rPois    .         Spirit   .   (helmet restricted)
rElec    .         Reflect  .   (no cloak)
rCorr    .         Harm     .   (no gloves)
MR       .....                  (no boots)
Stlth    +++.......             (no amulet)
HPRegen  0.14/turn              (no ring)
MPRegen  0.09/turn              (no ring)

@: no status effects
A: antennae 1, molten scales 1, nightstalker 1
a: no special abilities


You were on level 4 of the Dungeon.
You were near starving.

You visited 1 branch of the dungeon, and saw 4 of its levels.

You collected 191 gold pieces.

Inventory:

Hand Weapons
 a - a +0 spear (weapon)
Missiles
 j - 4 curare-tipped needles
Armour
 b - a +0 robe (worn)
Jewellery
 n - an uncursed ring of fire
Scrolls
 f - 2 scrolls of teleportation {unknown}
 g - a scroll of immolation {unknown}
 i - 2 scrolls of remove curse {unknown}
 l - 2 scrolls of identify {unknown}
 o - a scroll of fear {unknown}
Potions
 d - a potion of curing
 e - a potion of haste {unknown}
 h - a potion of berserk rage {unknown}
 k - a potion of cancellation {unknown}
 m - a potion of invisibility {unknown}
 p - a potion of ambrosia {unknown}
Comestibles
 c - 5 rations


   Skills:
 + Level 3.9 Fighting
 + Level 3.5 Polearms
 + Level 3.5 Dodging
 + Level 3.0 Stealth


You had 4 spell levels left.
You didn't know any spells.
Your spell library was empty.

Dungeon Overview and Level Annotations

Branches:
Dungeon (4/15)
 Temple: D:4-7

Altars:
Okawaru

Annotations:
D:3 Grinder


Innate Abilities, Weirdness & Mutations

You have a pair of small antennae on your head.
You are partially covered in molten scales. (AC +2)
You are slightly more attuned to the shadows.


Message History

You are too injured to fight recklessly!
You are too injured to fight recklessly!
You are too injured to fight recklessly!
You are too injured to fight recklessly!
You are too injured to fight recklessly!
You are too injured to fight recklessly!
You are too injured to fight recklessly!
Unknown command.
It was a potion of curing.
You feel better. The iguana bites you.
You hit the iguana but do no damage.
The iguana is heavily wounded.
The iguana bites you!
* * * LOW HITPOINT WARNING * * *
You hit the iguana.
The iguana is heavily wounded.
The iguana closely misses you.
You hit the iguana.
The iguana is severely wounded.
The iguana bites you!
You die...

### #.##### #.....#..
#.###.#.# #.#@#...#.#
#.#l#.#.#.#
#.#.#.#<#.#
#.#.#.#.#.#####
#.#.#..........
#.#.#.#.#.#####
#...#...#.##########
.######.#.#.#.........
............#<...#####


You could see an iguana.

Vanquished Creatures
  Jessica (D:3)
  7 adders
  A worm (D:3)
  2 dart slugs
  A leopard gecko (D:2)
  An orc (D:3)
  A ball python (D:3)
  13 giant cockroaches
  8 goblins
  8 hobgoblins
  2 jackals (D:1)
  A quokka (D:2)
  5 bats
  5 frilled lizards
  6 kobolds
  8 rats
70 creatures vanquished.

Notes
Turn   | Place    | Note
-------+----------+-------------------------------------------
     0 | D:1      | ANON1729 the Demonspawn Monk began the quest for the Orb.
     0 | D:1      | Reached XP level 1. HP: 18/18 MP: 1/1
   411 | D:1      | Gained mutation: You have a pair of small antennae on your
                  | head. [demonic ancestry]
   411 | D:1      | Reached XP level 2. HP: 22/24 MP: 2/2
   976 | D:2      | Gained mutation: You are slightly more attuned to the
                  | shadows. [demonic ancestry]
   976 | D:2      | Reached XP level 3. HP: 28/29 MP: 3/3
  1032 | D:2      | Found an iron altar of Okawaru.
  1627 | D:2      | Reached XP level 4. HP: 33/35 MP: 4/4
  2394 | D:3      | Noticed Grinder
  3470 | D:3      | Noticed an ogre
  3666 | D:3      | Noticed Jessica
  3676 | D:3      | Killed Jessica
  3676 | D:3      | Gained mutation: You are partially covered in molten
                  | scales. (AC +2) [demonic ancestry]
  3676 | D:3      | Reached XP level 5. HP: 42/42 MP: 5/5
  3870 | D:4      | Noticed an ogre
  4343 | D:4      | Slain by an iguana

Skill      XL: |  1  2  3  4 |
---------------+-------------+-----
Stealth        | 2 3 |  3.0
Polearms       | 3 |  3.5
Dodging        | 3 |  3.5
Fighting       | |  3.9

Action                   |  1- 3 |  4- 6 || total
-------------------------+-------+-------++-------
Melee: Spear             |   110 |   222 ||   332
  Use: Potion            |       |     1 ||     1
 Stab: Sleeping          |    11 |    14 ||    25
       Distracted        |       |     1 ||     1
  Eat: Chunk             |     2 |     7 ||     9
Armor: Robe              |     6 |    31 ||    37
Dodge: Dodged            |    58 |   105 ||   163
